AoeStats
← Dschinges Khan

Arena

506900332Analyzed
1v1 RM · 16d ago on Sep 15, 2026· 37m 8s· 2 players
Game mode
Random Map
Map size
Tiny (2 player)
Population
200
Speed
Normal
Resources
Standard
Victory
Conquest
Starting age
Dark Age
Ending age
Imperial Age
RankedLock teamsTeams togetherTeam positionsShared explorationLock speedFull tech treeHidden civsTurbo modeCheats
Victory
Defeat
🇪🇸 Turks · Spain
1312
+18
🇩🇪 Khitans · Germany
1353
-18
Dschinges Khan
7:48 Loom
10:10 Feudal Age
14:51 Castle Age
12:42 Double-Bit Axe
12:54 Domestication
13:31 Gold Mining
13:29 Loom
19:30 Scale Barding Armor
20:34 Chain Barding Armor
30:19 Imperial Age
28:19 Forging
31:21 Husbandry
32:18 Wheelbarrow
31:29 Town Watch
32:58 Plate Barding Armor
32:19 Pikeman
33:03 Scale Mail Armor
34:16 Squires
36:15 Chain Mail Armor
CanarioAOE
11:01 Feudal Age
12:06 Loom
15:26 Castle Age
14:09 Horse Collar
14:36 Double-Bit Axe
22:31 Padded Archer Armor
24:47 Bloodlines
25:39 Scale Barding Armor
25:25 Fletching
31:20 Imperial Age
31:45 Gold Mining
31:41 Heavy Camel Rider
33:21 Wheelbarrow
32:31 Town Watch
34:08 Conscription
Connection lost

Rejoining the realm…

Still unreachable

The connection could not be restored.

Session expired

The server has moved on; the page needs a fresh start.